 Dungeon Crawl Stone Soup version 0.22-a0-611-g46e8f3c735 (webtiles) character file.

54 Kriby the Chopper (level 3, -1/20 HPs)
             Began as a Vine Stalker Chaos Knight on July 11, 2018.
             Slain by a sky beast (4 damage)
             ... on level 1 of the Dungeon.
             The game lasted 00:00:43 (852 turns).

Kriby the Chopper (Vine Stalker Chaos Knight)        Turns: 852, Time: 00:00:43

Health: -1/20      AC:  5    Str: 15    XL:     3   Next: 91%
Magic:  0/4        EV: 11    Int: 12    God:    Xom [..*...]
Gold:   40         SH:  0    Dex: 13    Spells: 2/2 levels left

rFire    . . .     SeeInvis .   a - +0 hand axe (chaos)
rCold    . . .     Gourm    .   (no shield)
rNeg     . . .     Faith    .   b - +2 leather armour
rPois    .         Spirit   +   (no helmet)
rElec    .         Reflect  .   (no cloak)
rCorr    .         Harm     .   (no gloves)
MR       .....                  (no boots)
Stlth    +.........             (no amulet)
HPRegen  0.06/turn              (no ring)
MPRegen  0.09/turn              (no ring)

@: no status effects
A: fangs 2, magic shield, antimagic bite, no potion heal 3, rot immunity
a: Renounce Religion


You were on level 1 of the Dungeon.
You worshipped Xom.
You were a toy of Xom.
You were not hungry.

You visited 1 branch of the dungeon, and saw 2 of its levels.

You collected 40 gold pieces.

Inventory:

Hand Weapons
 a - a +0 hand axe of chaos (weapon)
Armour
 b - a +2 leather armour (worn)
Jewellery
 i - an uncursed amulet of guardian spirit {unknown}
Scrolls
 e - 3 scrolls of fog {unknown}
 f - a scroll of teleportation {unknown}
 k - a scroll of identify {unknown}
 l - a scroll of amnesia {unknown}
 n - a scroll of remove curse {unknown}
Potions
 g - a potion of curing {unknown}
 h - a potion of lignification {unknown}
 j - a potion of heal wounds {unknown}
 m - 2 potions of agility {unknown}
Comestibles
 c - 4 rations {@e1}


   Skills:
 + Level 3.2 Fighting
 * Level 3.8 Axes
 - Level 1.5 Armour
 - Level 0.7 Dodging


You had 2 spell levels left.
You didn't know any spells.
Your spell library was empty.

Dungeon Overview and Level Annotations

Branches:
Dungeon (2/15)

Altars:


Innate Abilities, Weirdness & Mutations

You have extremely sharp teeth.
When hurt, damage is shared between your health and your magic reserves.
Your bite disrupts and absorbs the magic of your enemies.
Potions cannot restore your health.
You are immune to rotting.


Message History

The frilled lizard barely misses you.
You see here an adder corpse.
You closely miss the sky beast. Your bite misses the sky beast.
The sky beast is moderately wounded.
The sky beast hits you. The sky beast shocks you.
* * * LOW HITPOINT WARNING * * *
You hit the sky beast but do no damage.
The sky beast is moderately wounded.
The sky beast hits you but does no damage.
The sky beast flickers out of sight!
Deactivating autopickup; reactivate with Ctrl-A.
There is a stone staircase leading up here.
Something hits you but does no damage.
You climb upwards.
There is a stone staircase leading down here.
Something hits you.
* * * LOW HITPOINT WARNING * * *
Something shocks you.
You die... "What!?
That's it?"

####.########.#'####.#.....#.....
...#........#..........###.#.#...
...########.#..............#.#.##
...## #.............#####.....
....# #....#.######## ###.##
8#8.## #....#.##############.#
#!#..#####....#................#
8#8..............>.............#
...)##..........@.#..........#.#
....##........#.#............#.#
....######....#.#...#.######.#.#
....# #......#.#...#.########.#
....# #.#...##.#..............#
....####.#...##.#....#.##########
.................................
....####.######.###..#..##.######
....# #.# #......#..##.#


There were no monsters in sight!

Vanquished Creatures
  2 adders (D:2)
  3 dart slugs (D:1)
  2 bats (D:1)
  2 giant cockroaches (D:1)
  4 goblins (D:1)
  2 hobgoblins (D:1)
  4 jackals (D:1)
  4 kobolds
  A frilled lizard (D:1)
  2 rats (D:1)
26 creatures vanquished.

Vanquished Creatures (collateral kills)
  A dart slug (D:1)
1 creature vanquished.

Grand Total: 27 creatures vanquished

Notes
Turn   | Place    | Note
-------+----------+-------------------------------------------
     0 | D:1      | Kriby the Vine Stalker Chaos Knight began the quest for the Orb.
     0 | D:1      | Reached XP level 1. HP: 11/11 MP: 2/2
     5 | D:1      | XOM: harmless Tloc miscast
    20 | D:1      | Reached XP level 2. HP: 11/16 MP: 1/3
   135 | D:1      | XOM: silly message
   162 | D:1      | XOM: silly message
   188 | D:1      | XOM: butterfly on damage
   449 | D:1      | XOM: cast spell 'Summon Small Mammal'
   454 | D:1      | Reached XP level 3. HP: 20/20 MP: 4/4
   669 | D:1      | XOM is BORED!
   669 | D:1      | XOM: noise
   833 | D:2      | Noticed a sky beast
   852 | D:1      | Slain by a sky beast

Vault maps used:
D:1:      dpeg_arrival_shelter, minmay_statues_item
D:2:      lemuel_crystal_altar

Skill      XL: |  1  2 |
---------------+-------+-----
Axes           | 3 |  3.8
Fighting       | 3 |  3.2
Armour         | |  1.5
Dodging        | |  0.7

Action                   || total
-------------------------++-------
Melee: Hand axe          ||    57
       Bite              ||    12
 Stab: Petrifying        ||     1
Armor: Leather armour    ||    25
Dodge: Dodged            ||    34

Table legend:
 A = Spawn XP
 B = Non-spawn XP
 C = Spawn XP percentage of total XP
 D = Spawn monster count
 E = Non-spawn monster count
 F = Spawn count percentage of total count
 G = Total turns spent on level
                    A         B        C        D         E        F      G
               +---------+---------+-------+---------+---------+-------+---------
         Total |       0 |      78 |   0.0 |       0 |      27 |   0.0 |   852
               +---------+---------+-------+---------+---------+-------+---------
           D:1 |       0 |      49 |   0.0 |       0 |      23 |   0.0 |   825
           D:2 |       0 |      29 |   0.0 |       0 |       4 |   0.0 |    27
               +---------+---------+-------+---------+---------+-------+---------
